 Dungeon Sprint DCSS version 0.21-a0-216-g6d3fd91 (webtiles) character file.

868 potatolord6000 the Blocker (level 8, -3/68 (71) HPs)
             Began as a Human Fighter on Aug 23, 2017.
             Slain by a merfolk siren
             ... wielding a +0 spear
              (18 damage)
             ... in the Dungeon (Sprint II: "The Violet Keep of Menkaure").
             The game lasted 00:02:11 (296 turns).

potatolord6000 the Blocker (Human Fighter)           Turns: 296, Time: 00:02:11

HP:   -3/68 (71)    AC:  5    Str: 19    XL:     8   Next: 23%
MP:   8/8           EV:  8    Int:  4    God:
Gold: 729           SH: 11    Dex: 11    Spells: 7/7 levels left

rFire    . . .     SeeInvis .   a - +0 war axe
rCold    . . .     Gourm    .   c - +0 shield
rNeg     . . .     Faith    .   b - +0 scale mail
rPois    .         Spirit   .   (no helmet)
rElec    .         Reflect  .   (no cloak)
rCorr    .         Harm     .   (no gloves)
MR       .....     NoTele   +   (no boots)
Stlth    ..........             (no amulet)
HPRegen  0.21/turn              (no ring)
MPRegen  0.11/turn              (no ring)

@: no status effects
A: clumsy 1, deformed body, dopey 2, screaming 1, subdued magic 1
a: no special abilities


You were in the Dungeon.
You were not hungry.

You visited 1 branch You collected 729 gold pieces.

Inventory:

Hand Weapons
 a - a +0 war axe (weapon)
Armour
 b - a +0 scale mail (worn)
 c - a +0 shield (worn)
Scrolls
 k - a scroll of blinking
Potions
 e - a potion of curing
 g - a potion of heal wounds
 i - 2 potions of magic
 j - a potion of berserk rage
Comestibles
 f - a bread ration


   Skills:
 + Level 9.1 Fighting
 + Level 8.8 Axes
 + Level 9.1 Armour
 + Level 9.2 Shields


You had 7 spell levels left.
You didn't know any spells.

Dungeon Overview and Level Annotations

Branches:
Dungeon (1/1)

Altars:


Innate Abilities, Weirdness & Mutations

You are clumsy. (Dex -2)
Armour fits poorly on your strangely shaped body.
You are very dopey. (Int -4)
You occasionally shout uncontrollably at your foes.
Your spells are a little easier to cast, but a little less powerful.


Message History

You kill the worm!
You slash the worm! The worm bites you!
* * * LOW HITPOINT WARNING * * *
The worm barely misses you.
Things that are here:
243 gold pieces; a worm corpse You hit the worm.
The worm is severely wounded.
You slash the worm!
You kill the worm!
You now have 729 gold pieces (gained 243).
You see here a worm corpse.
There is an open door, spattered with blood here.
There is a staircase leading out of the dungeon here.
You open the door.
A merfolk siren comes into view. It is wielding a spear.
The merfolk siren shouts!
Found 243 gold pieces.
The merfolk siren hits you with a spear!!
You die...

## ## ##.
.## #..#..#
## #...# ##
##.###÷###.#
#...##.##.#
#m@.<.'.#
#...##.##..#
##.###'###.#
####.†# ##
#..## ##.#
##+


You could see a merfolk siren.

Vanquished Creatures
  4 neqoxecs (D)
  4 necrophages (D)
  2 worms (D)
10 creatures vanquished.

Vanquished Creatures (others)
  A crocodile (D)
1 creature vanquished.

Grand Total: 11 creatures vanquished

Notes
Turn   | Place    | Note
-------+----------+-------------------------------------------
     0 | D        | potatolord6000 the Human Fighter began the quest for the Orb.
     0 | D        | Reached XP level 1. HP: 18/18 MP: 1/1
     1 | D        | Noticed a necrophage
     1 | D        | Noticed a necrophage
     1 | D        | Noticed a necrophage
     1 | D        | Noticed a necrophage
    12 | D        | Killed a necrophage
    12 | D        | Reached skill level 5 in Fighting
    12 | D        | Reached skill level 5 in Armour
    12 | D        | Reached skill level 5 in Shields
    12 | D        | Reached XP level 2. HP: 14/26 MP: 2/2
    12 | D        | Reached XP level 3. HP: 18/32 MP: 3/3
    12 | D        | Reached XP level 4. HP: 21/38 MP: 4/4
    22 | D        | Killed a necrophage
    22 | D        | Reached skill level 5 in Axes
    22 | D        | Reached XP level 5. HP: 18/43 MP: 5/5
    29 | D        | Killed a necrophage
    29 | D        | Reached XP level 6. HP: 22/50 MP: 6/6
    37 | D        | Killed a necrophage
   240 | D        | Noticed a neqoxec
   240 | D        | Noticed a neqoxec
   240 | D        | Noticed a neqoxec
   240 | D        | Noticed a neqoxec
   243 | D        | Gained mutation: You are clumsy. (Dex -2) [a neqoxec]
   250 | D        | Killed a neqoxec
   250 | D        | Reached XP level 7. HP: 47/59 MP: 7/7
   250 | D        | Gained mutation: Armour fits poorly on your strangely shaped body. [a neqoxec]
   251 | D        | Gained mutation: Your spells are a little easier to cast, but a little less powerful. [a neqoxec]
   252 | D        | Gained mutation: You occasionally shout uncontrollably at your foes. [a neqoxec]
   254 | D        | Killed a neqoxec
   256 | D        | Gained mutation: You are dopey. (Int -2) [a neqoxec]
   259 | D        | Gained mutation: You are very dopey. (Int -4) [a neqoxec]
   261 | D        | Killed a neqoxec
   261 | D        | Reached XP level 8. HP: 40/67 MP: 8/8
   295 | D        | Noticed a merfolk siren
   296 | D        | Slain by a merfolk siren

Vault maps used:
D:        the_violet_keep_of_menkaure

Skill      XL: |  1  2  3  4  5  6  7  8 |
---------------+-------------------------+-----
Fighting       | 5 6 8 9 |  9.1
Axes           | 4 5 6 7 8 |  8.8
Armour         | 5 6 7 8 9 |  9.1
Shields        | 5 6 8 9 |  9.2

Action                   |  1- 3 |  4- 6 |  7- 9 || total
-------------------------+-------+-------+-------++-------
Melee: War axe           |    10 |    34 |    23 ||    67
  Use: Potion            |     1 |     1 |       ||     2
Armor: Scale mail        |     1 |    14 |     1 ||    16
Dodge: Dodged            |     1 |     3 |     1 ||     5
Block: Shield            |     3 |    11 |     4 ||    18

Table legend:
 A = Spawn XP
 B = Non-spawn XP
 C = Spawn XP percentage of total XP
 D = Spawn monster count
 E = Non-spawn monster count
 F = Spawn count percentage of total count
 G = Total turns spent on level
                    A         B        C        D         E        F      G
               +---------+---------+-------+---------+---------+-------+---------
         Total |       0 |    1241 |   0.0 |       0 |      10 |   0.0 |   296
               +---------+---------+-------+---------+---------+-------+---------
             D |       0 |    1241 |   0.0 |       0 |      10 |   0.0 |   296
               +---------+---------+-------+---------+---------+-------+---------
